 Dungeon Crawl Stone Soup version 0.27-a0-901-g8736458e1e (webtiles) character file.

Game seed: 190970929139527879

76 DwarfAlpaca the Magician (level 4, -3/31 HPs)
             Began as a Djinni Air Elementalist on Apr 6, 2021.
             Was an Initiate of Makhleb.
             Slain by a scorpion (5 damage)
             ... on level 3 of the Dungeon.
             The game lasted 00:09:43 (2635 turns).

DwarfAlpaca the Magician (Djinni Air Elementalist)  Turns: 2635, Time: 00:09:44

Health: -3/31      AC:  3    Str:  7    XL:     4   Next: 32%
Gold:   127        EV: 12    Int: 18    God:    Makhleb [......] SH:  0 Dex: 13

rFire    + + .     SeeInvis .   l - +0 whip (venom)
rCold    . . .     Faith    .   (no shield)
rNeg     + . .     Spirit   .   a - +0 robe
rPois    ∞         Reflect  .   (no helmet)
rElec    .         Harm     .   m - scarf {shadows}
rCorr    .         Rampage  .   j - +0 pair of gloves
Will     .....                  (boots unavailable)
Stlth    ++........             (no amulet)
HPRegen  0.10/turn              h - ring of positive energy
MPRegen  0.00/turn              o - ring of protection from cold

@: sluggish, flying, very slow
A: fire resistance 2, cold vulnerability 1, float, innate caster, hp casting,
extra vitality 1
a: Renounce Religion


You were on level 3 of the Dungeon.
You worshipped Makhleb.
Makhleb was noncommittal.
You visited 1 branch of the dungeon, and saw 4 of its levels.

You collected 127 gold pieces.

Inventory:

Hand Weapons
 l - a +0 whip of venom (weapon)
Missiles
 g - 5 atropa-tipped darts (quivered)
Armour
 a - a +0 robe (worn)
 j - a +0 pair of gloves (worn)
 m - a scarf of shadows (worn)
Jewellery
 h - a ring of positive energy (left hand)
 o - a ring of protection from cold (right hand)
Wands
 p - a wand of digging (1)
Scrolls
 b - a scroll of blinking {unknown}
 c - 5 scrolls of magic mapping {unknown}
 d - 3 scrolls of teleportation {unknown}
 f - a scroll of vulnerability {unknown}
Potions
 e - a potion of attraction {unknown}
 i - a potion of magic {unknown}
 k - a potion of flight {unknown}


   Skills:
 - Level 2.2 Dodging
 - Level 1.5 Stealth
 + Level 4.3 Spellcasting


You couldn't memorise any spells.
You knew the following spells:

 Your Spells              Type           Power      Damage    Failure   Level
a - Shock                 Conj/Air       76%        1d7       2%          1
b - Swiftness             Air            19%        N/A       3%          2
c - Static Discharge      Conj/Air       19%        N/A       8%          3
d - Airstrike             Air            9%         N/A       24%         4
e - Lightning Bolt        Conj/Air       9%         1d22      56%         5
f - Animate Skeleton      Necr           38%        N/A       2%          1
Your spell library was empty.

Dungeon Overview and Level Annotations

Branches:
Dungeon (4/15)
 Temple: D:4-7

Altars:
Makhleb


Innate Abilities, Weirdness & Mutations

You are immune to poison.
Your flesh is very heat resistant. (rF++)
You are vulnerable to cold. (rC-)
You float through the air rather than walking.
You learn spells naturally, not from books.
Your magical power is your life essence.
You have superior vitality. (+4 HP)


Message History

Unknown command.
Casting: Shock (safe; 2% risk of failure)
Confirm with . or Enter, or press ? or * to list all spells.
Aiming: Shock (safe; 2% risk of failure)
Press: ? - help, Shift-Dir - straight line The zap misses the scorpion.
The zap hits the scorpion.
The scorpion is heavily wounded.
The scorpion stings you.
Unknown command.
Casting: Shock (safe; 2% risk of failure)
Confirm with . or Enter, or press ? or * to list all spells.
Aiming: Shock (safe; 2% risk of failure)
Press: ? - help, Shift-Dir - straight line The zap misses the scorpion. x2; The scorpion stings you!
* * * LOW HITPOINT WARNING * * *
Unknown command.
Unknown command.
Casting: Shock (safe; 2% risk of failure)
Confirm with . or Enter, or press ? or * to list all spells.
Aiming: Shock (safe; 2% risk of failure)
Press: ? - help, Shift-Dir - straight line The zap misses the scorpion.
The zap hits the scorpion but does no damage.
The scorpion is heavily wounded.
* * * LOW HITPOINT WARNING * * *
The scorpion stings you but does no damage.
Okay, then.
Casting: Shock (safe; 2% risk of failure)
Confirm with . or Enter, or press ? or * to list all spells.
You feel quick.
* * * LOW HITPOINT WARNING * * *
The scorpion stings you.
* * * LOW HITPOINT WARNING * * *
The scorpion closely misses you.
It was a potion of cancellation.
Your magical effects are unravelling.
You feel magically purged.
You feel sluggish. The scorpion stings you.
You die...

# #.#
#.###..............# #
#.# #.# #.##.#####..##.##
# #.# #.# #.##.# #..##...
# #.#######.###.##.#
#..##.## #
...........##.#####.....#
#
######.######.#.....##..#
####### #.# #.######..#
......# #.######.#.# #..#
#####.# #..s@....#.# #..#
#.# ##########.# #..# #.#
#.# #..# #.# #.# #..# #.#
#.# #..# #####.# #.#
#..## ...##)#
#.######.... ....#.#
#..........# ......#
########...#


You could see a scorpion.

Vanquished Creatures
  An adder (D:3)
  A worm (D:3)
  2 orcs
  2 bats
  3 endoplasms (D:2)
  5 giant cockroaches
  4 goblins
  3 hobgoblins
  13 jackals
  4 quokkas
  6 ball pythons
  5 frilled lizards
  A kobold (D:2)
  6 rats
56 creatures vanquished.

Notes
Turn   | Place    | Note
-------+----------+-------------------------------------------
     0 | D:1      | DwarfAlpaca the Djinni Air Elementalist began the quest for
                  | the Orb.
     0 | D:1      | Reached XP level 1. HP: 15/15 MP: 0/0
    22 | D:1      | Reached skill level 3 in Spellcasting
    25 | D:1      | Reached XP level 2. HP: 10/21 MP: 0/0
   313 | D:1      | Found a faded altar of an unknown god.
   825 | D:1      | Reached XP level 3. HP: 22/25 MP: 0/0
   825 | D:1      | Learned a level 1 spell: Animate Skeleton
  1545 | D:2      | Found a burning altar of Makhleb.
  1554 | D:2      | Became a worshipper of Makhleb the Destroyer
  1889 | D:2      | Reached skill level 4 in Spellcasting
  2408 | D:3      | Reached XP level 4. HP: 28/31 MP: 0/0
  2585 | D:3      | Noticed a scorpion
  2610 | D:4      | Noticed a scorpion
  2635 | D:3      | Slain by a scorpion

Illustrated notes

Levels and vault maps discovered:
D:1:      dpeg_arrival_houses_and_road, layout_loops_ring,
          shapermc_ecumenical_altar_starsandcircs
D:2:      layout_loops_cross, basic_altar
D:3:      layout_loops_ring, nicolae_hepliaklqana_monster_ancestors
D:4:      layout_loops_ring, nzn_wu_jian_contemplation,
          okawaru_metal_pillars_1_2, gammafunk_ghost_necromancy,
          minmay_snake_closets

Skill      XL: |  1  2  3 |
---------------+----------+-----
Spellcasting   | 3 4 |  4.3
Dodging        | |  2.2
Stealth        | |  1.5

Action                   |  1- 3 |  4- 6 || total
-------------------------+-------+-------++-------
Melee: Unarmed           |     1 |       ||     1
       Whip              |     2 |     4 ||     6
Throw: Dart              |     1 |     2 ||     3
 Cast: Shock             |    77 |    13 ||    90
       Swiftness         |       |     1 ||     1
  Use: Potion            |       |     1 ||     1
 Stab: Sleeping          |     1 |       ||     1
Armor: Robe              |     7 |     1 ||     8
Dodge: Dodged            |    22 |     3 ||    25

Table legend: (Time is in decaauts)
 A = Elapsed time spent in this place.
 B = Non-inter-level travel time spent in this place.
 C = Inter-level travel time spent in this place.
 D = Time resting spent in this place.
 E = Time spent auto-exploring this place.
 F = Levels seen in this place.
 G = Mean time per level.
                   A        B        C        D        E       F      G
               +--------+--------+--------+--------+--------+-----+--------+
         Total |   2633 |   2566 |     67 |     19 |   2117 |   4 |  658.2 |
       Dungeon |   2633 |   2566 |     67 |     19 |   2117 |   4 |  658.2 |
               +--------+--------+--------+--------+--------+-----+--------+

Top non-repeatable levels by time:
     D:1: 1169 daAuts
     D:2: 975 daAuts
     D:3: 486 daAuts
     D:4: 2 daAuts
